 Dungeon Crawl Stone Soup version 0.19-a0-1155-gb6eeeff (webtiles) character file.

1773 Duffy the Thaumaturge (level 8, -3/41 HPs)
             Began as a Deep Elf Conjurer on Aug 14, 2016.
             Was a Follower of Vehumet.
             Slain by a killer bee (4 damage)
             ... on level 8 of the Dungeon.
             The game lasted 00:13:09 (7829 turns).

Duffy the Thaumaturge (Deep Elf Conjurer)           Turns: 7829, Time: 00:13:10

Health: -3/41      AC:  5    Str:  5    XL:     8   Next: 80%
Magic:  23/23      EV: 13    Int: 23    God:    Vehumet [*.....]
Gold:   132        SH:  0    Dex: 15    Spells: 5 memorised, 9 levels left

rFire  + . .     SeeInvis .     v - +0 blowgun
rCold  . . .     Gourm    .     y - +0 robe {rF+}
rNeg   . . .     Faith    .     (no shield)
rPois  +         Spirit   .     (no helmet)
rElec  .         Dismiss  .     s - +2 cloak {rPois}
rCorr  .         Reflect  .     (no gloves)
MR     .....     Harm     .     (no boots)
Stlth  ++........               i - amulet of magic regeneration
                                (no ring)
                                (no ring)

@: about to teleport
A: no striking features
a: Renounce Religion


You were on level 8 of the Dungeon.
You worshipped Vehumet.
Vehumet was aware of your devotion.
You were not hungry.

You visited 2 branches of the dungeon, and saw 9 of its levels.

You collected 292 gold pieces.
You spent 160 gold pieces at shops.


   Skills:
 - Level 2.4 Dodging
 - Level 2.4 Stealth
 + Level 9.4 Spellcasting
 + Level 8.7 Conjurations
 - Level 6.0 Hexes
 + Level 4.9 Charms


You had 9 spell levels left.
You knew the following spells:

 Your Spells              Type           Power        Failure   Level  Hunger
a - Magic Dart            Conj           ####         1%          1    None
c - Iskenderun's Mystic   Conj           ######..     1%          4    ##.....
i - Iskenderun's Battles  Conj/Chrm      #####...     12%         5    ####...
n - Fulminant Prism       Conj/Hex       #####.....   3%          4    ##.....
s - Searing Ray           Conj           ######       1%          2    None

Inventory:

Hand Weapons
 v - a +0 blowgun (weapon)
Missiles
 w - 45 poisoned needles (quivered)
Armour
 s - a +2 cloak of poison resistance (worn)
 y - a +0 robe of fire resistance (worn)
Jewellery
 i - an amulet of magic regeneration (around neck)
Wands
 m - a wand of slowing (20/48)
 q - a wand of flame (29/48)
Scrolls
 a - a scroll of magic mapping {unknown}
 g - a scroll of amnesia
 j - a scroll of fear
 k - 2 scrolls of remove curse
 o - a scroll of enchant armour {unknown}
 A - a scroll of blinking {unknown}
 D - 2 scrolls of recharging {unknown}
 H - 2 scrolls of vulnerability {unknown}
Potions
 f - a potion of agility
 l - a potion of lignification {unknown}
 p - 2 potions of heal wounds
 u - a potion of might
 x - a potion of flight {unknown}
 z - 2 potions of curing
 C - a potion of brilliance {unknown}
 E - a potion of invisibility {unknown}
 F - a potion of magic
Books
 b - a book of Conjurations
 n - a book of Flames
 B - a book of Power
 G - Sif Muna's Disquisition on Toxins and Blows and Bruises

   Spells                             Type                      Level
   a - Mephitic Cloud                 Conjuration/Poison/Air       3
   b - Venom Bolt                     Conjuration/Poison           5
   c - Bolt of Draining               Conjuration/Necromancy       5
   d - Spellforged Servitor           Conjuration/Summoning        7
Comestibles
 c - 5 bread rations
 h - 4 meat rations
 r - a slice of pizza
 t - 5 fruits

Dungeon Overview and Level Annotations

Branches:
Dungeon (8/15)             Temple (1/1) D:4
   Lair: D:8-11

Altars:
Ashenzari
Cheibriados
Dithmenos
Elyvilon
Fedhas
Hepliaklqana
Kikubaaqudgha
Makhleb
Nemelex Xobeh
Okawaru
Pakellas
Qazlal
Ru
Sif Muna
Trog
Uskayaw
Vehumet
Xom
Yredelemnul
Zin
The Shining One

Shops:
D:4 [   D:5 [

Annotations:
D:6 100P's ghost, novice DrBe


Message History

Aiming: Iskenderun's Mystic Blast
Press: ? - help, Shift-Dir - straight line, f - killer bee
Aim: a killer bee (resting)
The orb of energy hits the killer bee.
The killer bee is moderately wounded.
The killer bee buzzes angrily.
You hear an angry buzzing noise. x3
A killer bee comes into view.
The killer bee barely misses you.
The killer bee stings you but does no damage.
You climb upwards.
There is a stone staircase leading down here.
Cast which spell? (? or * to list)
Aiming: Searing Ray
Press: ? - help, Shift-Dir - straight line, f - killer bee
Aim: a killer bee (moderately wounded)
The searing ray misses the killer bee.
The killer bee stings you. The killer bee misses you.
The searing ray hits the killer bee.
The killer bee is almost dead.
The killer bee stings you. x2
The searing ray hits the killer bee.
You kill the killer bee!
Vehumet accepts your kill.
Magic restored.
All of the chunks of flesh in your inventory have rotted away.
HP restored.
Done exploring.
You see here a mace.
There is an open door here.
There is a stone staircase leading down here.
You climb downwards. 6 killer bees come into view.
The killer bee buzzes angrily. x2
The killer bee stings you. The killer bee misses you.
The killer bee stings you. The killer bee barely misses you.
The killer bee stings you!
Found a ring mail and a robe.
There is a stone staircase leading up here.
As you read the scroll of teleportation, it crumbles to dust.
You feel strangely unstable.
The killer bee stings you but does no damage.
The killer bee barely misses you.
The killer bee stings you but does no damage.
The killer bee stings you. The killer bee stings you!
The killer bee barely misses you. The killer bee stings you.
The killer bee misses you. The killer bee closely misses you.
The killer bee stings you but does no damage.
The killer bee closely misses you. The killer bee barely misses you.
The killer bee closely misses you. The killer bee stings you. x2
You die...

##+##
##...##
##.....##
##.......##
#.........#
+.........+
#..yyy...[#
#.y@y...#
##..y..##
##.[.##
##+##


You could see 6 killer bees.

Action                   |  1- 3 |  4- 6 |  7- 9 || total
-------------------------+-------+-------+-------++-------
Melee: Blowgun           |       |     5 |       ||     5
 Cast: Magic Dart        |    56 |    86 |    83 ||   225
       Searing Ray       |     2 |    12 |    22 ||    36
       Fulminant Prism   |       |     4 |     5 ||     9
       Iskenderun's Myst |       |     1 |     5 ||     6
       Iskenderun's Batt |       |       |     2 ||     2
  Use: Scroll            |       |       |    10 ||    10
  Eat: Chunk             |     1 |     9 |     8 ||    18
       Pizza             |       |     1 |     1 ||     2
       Fruit             |       |       |     2 ||     2
Armor: Robe              |     1 |    10 |     8 ||    19
Dodge: Dodged            |     1 |    19 |    33 ||    53

Notes
Turn   | Place    | Note
-------+----------+-------------------------------------------
     0 | D:1      | Duffy the Deep Elf Conjurer began the quest for the Orb.
     0 | D:1      | Reached XP level 1. HP: 10/10 MP: 6/6
   272 | D:1      | Found a sparkling altar of Nemelex Xobeh.
   275 | D:1      | Reached XP level 2. HP: 15/15 MP: 4/8
   279 | D:1      | Learned a level 2 spell: Searing Ray
   656 | D:1      | Reached skill level 5 in Conjurations
   790 | D:1      | Reached XP level 3. HP: 19/19 MP: 5/10
  1069 | D:1      | Reached skill level 4 in Spellcasting
  1309 | D:2      | Noticed Natasha
  1314 | D:2      | Killed Natasha
  1314 | D:2      | Reached XP level 4. HP: 24/24 MP: 6/12
  1370 | D:2      | Noticed Natasha
  1377 | D:2      | Killed Natasha
  1605 | D:2      | Learned a level 4 spell: Iskenderun's Mystic Blast
  1610 | D:2      | Learned a level 4 spell: Fulminant Prism
  1656 | D:2      | Noticed Natasha
  1661 | D:2      | Killed Natasha
  1661 | D:2      | Reached skill level 5 in Spellcasting
  1661 | D:2      | Reached skill level 1 in Hexes
  1867 | D:2      | Noticed Jessica
  1871 | D:2      | Killed Jessica
  1871 | D:2      | Reached XP level 5. HP: 28/28 MP: 9/14
  1903 | D:2      | Reached skill level 2 in Hexes
  2263 | D:2      | Found a runed door.
  2267 | D:2      | Noticed Crazy Yiuf
  2282 | D:2      | Killed Crazy Yiuf
  2282 | D:2      | Reached skill level 6 in Conjurations
  2938 | D:3      | Found a glowing silver altar of Zin.
  3499 | D:4      | Found a shadowy altar of Dithmenos.
  3514 | D:4      | Noticed Aquadorian's ghost (amateur HaEn)
  3629 | D:3      | Reached XP level 6. HP: 17/32 MP: 7/16
  3795 | D:4      | Found a staircase to the Ecumenical Temple.
  3812 | Temple   | Entered the Ecumenical Temple
  3879 | Temple   | Became a worshipper of Vehumet
  3940 | D:4      | Found Zaick's Antique Armour Boutique.
  3957 | D:4      | Bought an embroidered robe for 21 gold pieces
  4409 | D:5      | Entered Level 5 of the Dungeon
  4474 | D:5      | Reached skill level 6 in Spellcasting
  4474 | D:5      | Reached skill level 3 in Hexes
  4655 | D:5      | Found Teoclus's Antique Armour Emporium.
  4671 | D:5      | Found a basalt altar of Yredelemnul.
  4707 | D:5      | Noticed Duvessa
  4707 | D:5      | Noticed Dowan
  4712 | D:5      | Killed Duvessa
  4712 | D:5      | Reached skill level 4 in Hexes
  4717 | D:5      | Killed Dowan
  4717 | D:5      | Reached XP level 7. HP: 20/36 MP: 0/19
  5045 | D:5      | Reached skill level 7 in Conjurations
  5392 | D:4      | Bought a runed cloak for 139 gold pieces
  5532 | D:6      | Found a white marble altar of Elyvilon.
  5560 | D:6      | Reached skill level 7 in Spellcasting
  5676 | D:6      | Reached skill level 5 in Hexes
  5734 | D:6      | Noticed 100P's ghost (novice DrBe)
  6376 | D:7      | Reached skill level 8 in Spellcasting
  6376 | D:7      | Reached XP level 8. HP: 41/41 MP: 18/22
  6457 | D:7      | Reached skill level 6 in Hexes
  6460 | D:7      | Reached * piety under Vehumet
  6460 | D:7      | Offered knowledge of Sting by Vehumet.
  6487 | D:7      | Learned a level 5 spell: Iskenderun's Battlesphere
  6599 | D:7      | Reached skill level 1 in Charms
  6843 | D:7      | Reached skill level 8 in Conjurations
  6843 | D:7      | Reached skill level 2 in Charms
  6966 | D:7      | Identified Sif Muna's Disquisition on Toxins and Blows and Bruises
  7030 | D:7      | Reached skill level 3 in Charms
  7099 | D:7      | Reached skill level 9 in Spellcasting
  7248 | D:4      | Found an iron altar of Okawaru.
  7300 | D:4      | Killed Aquadorian's ghost
  7300 | D:4      | Reached skill level 4 in Charms
  7829 | D:8      | Slain by a killer bee

Skill      XL: |  1  2  3  4  5  6  7  8 |
---------------+-------------------------+-----
Conjurations   | 5 6 7 8 |  8.7
Spellcasting   | 4 5 6 8 9 |  9.4
Hexes          | 1 2 4 5 6 |  6.0
Charms         | 4 |  4.9
Dodging        | |  2.4
Stealth        | |  2.4

Vault maps used:
D:1:      saegor_arrival_simple_d, nemelex_xobeh_ov_fountains_minmay
D:2:      uniq_crazy_yiuf_cottage, uniq_jessica, uniq_natasha
D:3:      lemuel_round_altar
D:4:      old_standard_altar, grunt_dithmenos_smoke_and_mirrors, serial_shops,
          shop
D:5:      first_bread, serial_shops, nicolae_shop_behind_doors,
          yredelemnul_altar_generic, uniq_duvessa
D:6:      kennysheep_ying_yang
D:8:      lemuel_upstairs_altar, serial_shops, shop
Temple:   nicolae_temple_x_marks_the_god

Vanquished Creatures
  The ghost of Aquadorian the Sneak, an amateur HaEn of Qazlal Duvessa
  2 sky beasts
  An ogre
  2 phantoms
  A centaur
  A crocodile
  A giant frog Dowan
  A water moccasin zombie
  A killer bee
  A scorpion
  A howler monkey
  3 crimson imps
  A centaur zombie
  A jelly Crazy Yiuf Jessica Natasha (thrice)
  3 orc wizards
  4 worker ants
  A killer bee zombie
  4 adders
  4 oozes
  An adder zombie
  2 worms
  4 dart slugs
  3 giant geckos
  10 orcs
  3 ball pythons
  4 giant cockroaches
  7 goblins
  11 hobgoblins
  3 jackals
  4 kobolds
  4 quokkas
  7 bats
  5 giant newts
  A quokka skeleton
  9 rats
  9 fulminant prisms
128 creatures vanquished.
